 Dungeon Crawl Stone Soup version 0.31-a0-256-g80acddb972 (webtiles) character file.

Game seed: 17265434130492401502

259 qw the Shooter (level 5, -12/45 HPs)
             Began as a Minotaur Hexslinger on July 12, 2023.
             Mangled by Duvessa
             ... wielding a +0 short sword
              (14 damage)
             ... on level 4 of the Dungeon.
             The game lasted 00:01:15 (3582 turns).

qw the Shooter (Minotaur Hexslinger)                Turns: 3582, Time: 00:01:16

Health: -12/45     AC:  3    Str: 13    XL:     5   Next: 95%
Magic:  5/5        EV: 12    Int: 14    God:
Gold:   264        SH:  0    Dex: 11    Spells: 5/6 levels left

rFire   + . .        k - +4 sling of Ravage {speed, rElec Int+4 Dex-4}
rCold   . . .        (no shield)
rNeg    . . .        l - +1 robe of the Jackalope {rF+ Will++ Dex+3 Stlth+}
rPois   +            (helmet restricted)
rElec   +            (no cloak)
rCorr   .            (no gloves)
SInv    .            (no boots)
Will    ++...        (no amulet)
Stlth   ++           c - ring of poison resistance
HPRegen 0.27/turn    (no ring)
MPRegen 0.09/turn

%: no passive effects
@: no status effects
A: horns 2, retaliatory headbutt, clumsy 1
a: no special abilities


You were on level 4 of the Dungeon.
You visited 1 branch of the dungeon, and saw 4 of its levels.

You collected 264 gold pieces.


Innate Abilities, Weirdness & Mutations

You have a pair of horns on your head.
You reflexively headbutt those who attack you in melee.
You are clumsy. (Dex -2)


   Skills:
 + Level 3.0 Fighting
 - Level 6.1 Ranged Weapons
 - Level 1.5 Armour
 - Level 2.1 Dodging
 - Level 1.0 Spellcasting
 - Level 2.0 Hexes


You had 5 spell levels left.
You knew the following spells:

 Your Spells              Type           Power      Damage    Failure   Level
a - Slow                  Hex            24%        N/A       12%         1

Your spell library contained the following spells:

 Spells                   Type           Power      Damage    Failure   Level
 Inner Flame              Hex/Fire       3%         N/A       45%         3
 Portal Projectile        Hex/Tloc       6%         N/A       45%         3
 Cause Fear               Hex            3%         N/A       75%         4

Inventory:

Hand Weapons
 k - the +4 sling of Ravage (weapon) {speed, rElec Int+4 Dex-4}
   (You found it on level 2 of the Dungeon)

   Int:       It affects your intelligence (+4).
   Dex:       It affects your dexterity (-4).
   rElec:     It insulates you from electricity.
Armour
 l - the +1 robe of the Jackalope (worn) {rF+ Will++ Dex+3 Stlth+}
   (You found it on level 2 of the Dungeon)

   Dex:       It affects your dexterity (+3).
   rF:        It protects you from fire.
   Will:      It greatly increases your willpower.
   Stlth:     It makes you more stealthy.
Jewellery
 c - a ring of poison resistance (left hand)
 i - a ring of poison resistance
Scrolls
 b - 2 scrolls of enchant armour
 f - 6 scrolls of identify
Potions
 a - 2 potions of enlightenment
 d - 2 potions of curing
 j - a potion of mutation

Dungeon Overview and Level Annotations

Branches:
Dungeon (4/15)
 Temple: D:4-7

Altars:
Gozag
Wu Jian

Shops:
D:1 (

Annotations:
D:4 Duvessa


Message History

You shoot a sling bullet. The sling bullet hits Dowan.
Dowan shouts!
Dowan is lightly wounded.
Duvessa shouts!
You shoot a sling bullet. The sling bullet hits Dowan!
Dowan is heavily wounded.
You shoot a sling bullet. The sling bullet hits Dowan!
Dowan is severely wounded.
Dowan gestures at Duvessa while chanting.
Duvessa seems to speed up.
You shoot a sling bullet. The sling bullet hits Dowan!
You kill Dowan!
Duvessa screams in rage.
Duvessa goes berserk!
Your Ranged Weapons skill increases to level 6!
You shoot a sling bullet. The sling bullet hits Duvessa.
Duvessa is lightly wounded.
Duvessa hits you with a +0 short sword!
You shoot a sling bullet. The sling bullet barely misses Duvessa.
Duvessa hits you with a +0 short sword!
You shoot a sling bullet.
The sling bullet closely misses Duvessa.
Duvessa closely misses you. You furiously retaliate!
You headbutt Duvessa! You shoot a sling bullet.
The sling bullet hits Duvessa but does no damage.
Duvessa is moderately wounded.
Duvessa hits you with a +0 short sword.
You shoot a sling bullet. The sling bullet hits Duvessa!
Duvessa is heavily wounded.
Duvessa hits you with a +0 short sword.
You shoot a sling bullet.
The sling bullet closely misses Duvessa.
Duvessa hits you with a +0 short sword.
You shoot a sling bullet. The sling bullet hits Duvessa.
Duvessa is heavily wounded.
Duvessa hits you with a +0 short sword!
You shoot a sling bullet.
The sling bullet closely misses Duvessa.
Duvessa hits you with a +0 short sword!
You die...

#...# #########...#
......>.#...#
........#...#
........#...#
........#...##
.............#
.............#######
............@e......
.#######.....#######
#....#.....#
#....#.....# ##
#....#.....# .#
#..........#
.######..........#
#. .
................##
.##
#.######'##.....# ..


You could see Duvessa (berserk, fast).

Vanquished Creatures
  Dowan (D:4)
  A hound (D:4)
  4 gnolls (D:4)
  5 adders
  3 worms
  A dart slug (D:4)
  11 orcs
  5 endoplasms
  4 giant cockroaches
  3 goblins
  9 hobgoblins
  3 jackals
  9 kobolds
  5 quokkas
  7 ball pythons
  2 bats
  3 frilled lizards
  5 rats
81 creatures vanquished.

Notes
Turn   | Place    | Note
-------+----------+-------------------------------------------
     0 | D:1      | qw the Minotaur Hexslinger began the quest for the Orb.
     0 | D:1      | Reached XP level 1. HP: 16/16 MP: 1/1
     0 | D:1      | 0 ||| qw: Version: 0.3-a-52-g30416fa
     0 | D:1      | 0 ||| qw: Game counter: 6747
     0 | D:1      | 0 ||| qw: Melee chars always use a shield: true
     0 | D:1      | 0 ||| qw: God list: Okawaru
     0 | D:1      | 0 ||| qw: Allow faded altars: false
     0 | D:1      | 0 ||| qw: Do Orc after clearing Dungeon:15 true
     0 | D:1      | 0 ||| qw: Do second Lair branch before Depths: true
     0 | D:1      | 0 ||| qw: Lair rune preference: random
     0 | D:1      | 0 ||| qw: Goals: Normal
     0 | D:1      | 0 ||| PLANNING D:1-11
    53 | D:1      | Found Mocesyag's Antique Weapon Shop.
   287 | D:1      | Found a faded altar of an unknown god.
   353 | D:1      | Reached skill level 3 in Ranged Weapons
   353 | D:1      | Reached XP level 2. HP: 23/23 MP: 2/2
   693 | D:1      | 693 ||| UPGRADING to +0 ring mail.
   703 | D:1      | 703 ||| DROPPING +0 robe.
   704 | D:1      | 704 ||| READING scroll labelled TIEWAI SOUG.
   705 | D:1      | 705 ||| READING scroll labelled YRAGOSHRUOSH.
   706 | D:1      | 706 ||| READING scroll labelled KAKLOAS GOYR.
   707 | D:1      | 707 ||| READING 3 scrolls labelled PANNYOXECIN.
   708 | D:1      | 708 ||| READING scroll labelled GIS FUWOITT.
   709 | D:1      | 709 ||| DRINKING 2 metallic dark potions.
   710 | D:1      | 710 ||| DRINKING 2 bubbling emerald potions.
   710 | D:1      | Gained mutation: You are clumsy. (Dex -2) [potion of
                  | mutation]
   711 | D:1      | 711 ||| DROPPING scroll of poison.
   712 | D:1      | 712 ||| DROPPING 2 scrolls of fear.
   751 | D:2      | Reached XP level 3. HP: 28/29 MP: 3/3
   932 | D:2      | Reached skill level 4 in Ranged Weapons
  1005 | D:2      | 1005 ||| FLEEEEING.
  1006 | D:2      | 1006 ||| FLEEEEING.
  1007 | D:2      | 1007 ||| FLEEEEING.
  1008 | D:2      | 1008 ||| FLEEEEING.
  1025 | D:2      | Identified the +3 leather armour "Qyduq" {Stlth+}
  1045 | D:2      | Reached skill level 1 in Armour
  1328 | D:2      | Reached XP level 4. HP: 36/36 MP: 4/4
  1517 | D:2      | Identified the +4 sling of Ravage {speed, rElec Int+4
                  | Dex-4}
  1519 | D:2      | 1519 ||| SWAPPING to +4 sling of Ravage {speed, rElec Int+4
                  | Dex-4}.
  1520 | D:2      | 1520 ||| DROPPING +1 sling.
  1577 | D:2      | Identified the +1 robe of the Jackalope {rF+ Will++ Dex+3
                  | Stlth+}
  1822 | D:2      | 1822 ||| UPGRADING to +3 leather armour "Qyduq" {Stlth+}.
  1832 | D:2      | 1832 ||| DROPPING +0 ring mail.
  1833 | D:2      | 1833 ||| UPGRADING to +1 robe of the Jackalope {rF+ Will++
                  | Dex+3 Stlth+}.
  1843 | D:2      | 1843 ||| DROPPING +3 leather armour "Qyduq" {Stlth+}.
  1844 | D:2      | 1844 ||| UPGRADING to ring of poison resistance.
  1845 | D:2      | 1845 ||| READING scroll labelled PONTEH ILLISYKH.
  1850 | D:2      | 1850 ||| READING 3 scrolls of identify.
  1850 | D:2      | 1850 ||| IDENTIFYING metallic brown potion
  1851 | D:2      | 1851 ||| DROPPING potion of degeneration.
  2139 | D:3      | HP: 8/36 [orc/+0 hand axe (5)]
  2144 | D:3      | HP: 8/36 [orc/+0 club (1)]
  2758 | D:3      | 2758 ||| READING scroll labelled PIEMYSE WEEHA.
  2759 | D:3      | 2759 ||| READING scroll labelled WUSEXO NEUSIXKOI.
  2760 | D:3      | 2760 ||| READING 2 scrolls of identify.
  2760 | D:3      | 2760 ||| IDENTIFYING emerald potion
  2883 | D:4      | Reached skill level 5 in Ranged Weapons
  2893 | D:4      | Found an opulent altar of Gozag.
  2960 | D:4      | Found an ornate altar of the Wu Jian Council.
  2987 | D:4      | Reached XP level 5. HP: 42/42 MP: 5/5
  2988 | D:4      | Reached skill level 3 in Fighting
  3007 | D:4      | HP: 11/45 [poisoned by an adder]
  3009 | D:4      | HP: 5/45 [giant cockroach (1)]
  3011 | D:4      | HP: 2/45 [giant cockroach (2)]
  3570 | D:4      | Noticed Duvessa
  3570 | D:4      | Noticed Dowan
  3574 | D:4      | Killed Dowan
  3575 | D:4      | Reached skill level 6 in Ranged Weapons
  3581 | D:4      | HP: 2/45 [Duvessa/+0 short sword (12)]
  3582 | D:4      | Mangled by Duvessa

Levels and vault maps discovered:
D:1:      giann_bridges, layout_basic, serial_shops,
          nicolae_shop_pleasant_corner_grove,
          dreamdust_ecumenical_altar_angels_and_demons
D:2:      kennysheep_six_static_rooms, layout_rooms, serial_rivers,
          chequers_serial_rivers_large_a, chequers_serial_rivers_room_b,
          chequers_serial_rivers_small_3, chequers_serial_rivers_room_a,
          st_stairs_7, kennysheep_cluttered_room, minmay_increasing_density
D:3:      layout_basic, st_stairs_4
D:4:      layout_basic, pdpol_wu_jian_five_deadly_venoms,
          mainiacjoe_overflow_catwalk, dk_noncrumbling_4, uniq_duvessa

Skill      XL: |  1  2  3  4  5 |
---------------+----------------+-----
Ranged Weapons | 3 4 5 6 |  6.1
Fighting       | 2 3 |  3.0
Armour         | 1 |  1.5
Dodging        | |  2.1
Spellcasting   | |  1.0
Hexes          | |  2.0

Action                     |  1- 3 |  4- 6 || total
---------------------------+-------+-------++-------
   Fire: Sling             |   126 |   148 ||   274
    Use: Scroll            |     5 |     5 ||    10
         Potion            |     2 |       ||     2
 Armour: Robe              |     4 |     5 ||     9
         Ring mail         |    14 |     1 ||    15
  Dodge: Dodged            |    36 |    24 ||    60

Table legend:
 A = Non-vault XP
 B = Vault XP
 C = Vault XP percentage of total XP
 D = Non-vault monster count
 E = Vault monster count
 F = Vault count percentage of total count
                 A         B        C        D         E       F
            +---------+---------+-------+---------+---------+-------
      Total |     254 |     117 |  31.5 |      63 |      18 |  22.2
            +---------+---------+-------+---------+---------+-------
        D:1 |      30 |       0 |   0.0 |      18 |       0 |   0.0
        D:2 |      30 |      45 |  60.0 |      11 |      15 |  57.7
        D:3 |      44 |       6 |  12.0 |      16 |       2 |  11.1
        D:4 |     150 |      66 |  30.6 |      18 |       1 |   5.3
            +---------+---------+-------+---------+---------+-------
